Map: 나이트쉐이드 - 래더

Players

INnoVation

  • Race: Terran Terran
  • League: Grandmaster
  • Spawn Location: 5:00

IntoTheZoun (Zoun) - Winner!

  • Race: Protoss Protoss
  • League: Master
  • Spawn Location: 11:00

VOD

Have the link to the VOD?

Description

Time

  • Played on: Jan. 8, 2020, 5:37 a.m.
  • Length: 11:16
Show
View Real Time Build Order
Export as new Build Order

INnoVation Terran 

Build Orders: Reaper Expand 

Get SALT Encoding   

  12  0:01  SCV  
  13  0:13  SCV  
  14  0:16  Supply Depot  
  14  0:25  SCV  
  15  0:38  SCV  
  15  0:40  Barracks  
  16  0:43  Refinery  
  16  0:50  SCV  
  17  1:02  SCV  
  18  1:14  SCV  
  19  1:26  Reaper  
  19  1:27  Orbital Command  
  20  1:40  Command Center  
  20  1:53  SCV  
  21  1:56  Supply Depot  
  21  1:58  Marine  
  22  2:05  SCV  
  23  2:10  Factory  
  23  2:18  SCV, Refinery  
  23  2:21  Barracks Reactor  
  24  2:26  Bunker  
  24  2:30  SCV  
  25  2:42  SCV  
  26  2:52  Orbital Command  
  26  2:54  SCV  
  26  2:55  Starport  
  26  2:56  Marine  
  26  2:57  Marine  
  29  3:01  Widow Mine  
  31  3:06  SCV  
  32  3:14  Marine  
  32  3:15  Marine  
  32  3:17  SCV  
  32  3:18  SCV  
  36  3:23  Widow Mine  
  38  3:28  Supply Depot  
  38  3:30  SCV  
  38  3:31  SCV, Medivac  
  42  3:35  Barracks  
  42  3:38  Marine  
  43  3:41  Marine  
  43  3:44  Widow Mine  
  46  3:50  SCV x2, Supply Depot  
  46  3:54  Engineering Bay  
  48  3:56  Marine  
  48  3:59  Marine  
  48  4:02  SCV x2  
  52  4:03  Starport Tech Lab  
  52  4:07  Factory Tech Lab  
  52  4:13  Supply Depot  
  52  4:14  SCV x2  
  54  4:18  Marine x2  
  54  4:24  Missile Turret  
  56  4:27  Raven  
  56  4:31  Barracks  
  58  4:36  Stimpack  
  58  4:38  SCV x2  
  59  4:44  Marine x3  
  61  4:50  SCV x2  
  61  4:52  Terran Infantry Weapons Level 1  
  61  4:54  Refinery  
  61  5:01  Supply Depot  
  61  5:02  Marine x3  
  61  5:06  SCV x2  
  64  5:10  Supply Depot  
  64  5:17  Factory Reactor, Starport Reactor, Supply Depot  
  64  5:18  SCV  
  64  5:19  SCV  
  64  5:21  Marine x2  
  66  5:25  Marauder x2  
  72  5:28  Combat Shield  
  72  5:30  Supply Depot  
  72  5:31  SCV  
  72  5:32  SCV  
  73  5:36  Refinery  
  73  5:41  Supply Depot  
  73  5:42  Marine x2  
  73  5:46  Marauder  
  73  5:47  Marauder  
  73  5:49  SCV x2  
  81  5:53  Supply Depot  
  81  5:54  Widow Mine x2  
  81  5:55  Medivac  
  87  6:03  Marine x2  
  89  6:05  Medivac  
  89  6:09  Marauder  
  89  6:10  Marauder  
  95  6:15  Command Center  
  95  6:19  Concussive Shells, Supply Depot  
  95  6:24  Widow Mine x2  
  99  6:30  SCV x2  
  101  6:35  Marine x2  
  103  6:41  Medivac x2  
  103  6:42  Barracks  
  103  6:43  Barracks  
  103  6:44  Marauder  
  103  6:45  Marauder  
  111  6:51  SCV x2  
  115  7:01  Marine x2  
  97  7:06  SCV, Marauder x2  
  94  7:11  Medivac  
  93  7:22  Marine  
  87  7:28  Widow Mine  
  85  7:34  Marine  
  81  7:49  Widow Mine  
  76  7:51  Medivac x2  
  44  9:44  Orbital Command  
Show
View Real Time Build Order
Export as new Build Order

IntoTheZoun Protoss - Winner!

Build Orders: 1 Gate Expand, Blink Stalkers 

Get SALT Encoding   

  12  0:00  Probe  
  13  0:12  Probe  
  14  0:17  Pylon  
  14  0:24  Probe (Chrono Boost)  
  16  0:37  Probe (Chrono Boost)  
  16  0:38  Gateway  
  16  0:42  Probe (Chrono Boost)  
  16  0:45  Assimilator  
  17  0:51  Probe  
  18  1:03  Probe  
  19  1:15  Probe  
  20  1:25  Cybernetics Core  
  20  1:33  Probe, Nexus  
  21  1:45  Pylon  
  21  1:46  Probe  
  22  1:51  Assimilator  
  22  1:58  Probe  
  22  2:00  Adept (Chrono Boost)  
  22  2:05  Warp Gate  
  24  2:10  Probe  
  25  2:22  Probe  
  26  2:24  Twilight Council  
  26  2:31  Stalker  
  26  2:34  Probe (Chrono Boost)  
  29  2:44  Probe (Chrono Boost)  
  29  2:46  Probe (Chrono Boost)  
  31  2:54  Probe x2 (Chrono Boost), Blink (Chrono Boost)  
  33  2:59  Probe (Chrono Boost)  
  33  3:00  Probe  
  35  3:07  Stalker  
  35  3:11  Probe  
  39  3:12  Probe  
  39  3:14  Pylon  
  39  3:23  Probe  
  39  3:25  Probe  
  41  3:32  Gateway  
  41  3:35  Probe, Gateway  
  41  3:37  Probe  
  43  3:45  Robotics Facility  
  43  3:47  Probe  
  44  3:50  Probe  
  44  3:52  Sentry  
  47  3:57  Pylon  
  47  4:02  Probe x2  
  49  4:14  Nexus  
  49  4:18  Pylon  
  49  4:23  Assimilator, Stalker  
  51  4:25  Probe x2  
  51  4:29  Stalker  
  51  4:30  Stalker  
  57  4:33  Observer  
  58  4:38  Pylon  
  58  4:39  Probe x2  
  60  4:50  Stalker  
  59  4:54  Probe  
  59  4:57  Probe  
  59  4:59  Charge (Chrono Boost)  
  61  5:04  Observer  
  62  5:09  Shield Battery  
  62  5:14  Gateway x2  
  62  5:15  Probe x2  
  62  5:17  Gateway  
  64  5:26  Probe, Gateway, Warp Prism  
  64  5:28  Gateway  
  65  5:30  Observer  
  65  5:35  Observer  
  67  5:40  Probe x2  
  67  5:41  Pylon  
  69  5:43  Probe  
  69  5:44  Observer  
  69  5:46  Sentry  
  69  5:47  Sentry x2  
  69  5:49  Pylon  
  76  5:53  Probe x2  
  76  5:55  Probe  
  79  6:00  Observer  
  79  6:09  Stalker  
  79  6:10  Observer, Stalker x3  
  87  6:11  Probe x2  
  87  6:12  Probe  
  87  6:16  Zealot x2  
  94  6:24  Zealot  
  94  6:25  Zealot  
  98  6:27  Probe, Pylon  
  98  6:28  Pylon  
  99  6:33  Zealot x2  
  99  6:34  Zealot  
  99  6:36  Zealot  
  106  6:40  Zealot  
  108  6:48  Stalker x3  
  112  7:00  Stalker  
  112  7:01  Stalker x2  
  82  7:31  Nexus  
  82  7:45  Pylon  
  82  7:46  Pylon  
  62  8:15  Pylon  
  62  8:17  Pylon  
  62  8:18  Pylon  
  62  8:19  Pylon  
  52  8:59  Nexus  
  52  9:01  Pylon  
  52  9:15  Pylon  
  52  9:22  Observer  
  52  9:36  Observer  
  52  9:49  Observer  
  37  10:46  Pylon  
Tags
 
Add a new tag
Caveats
  • Supply blocks, unpowered buildings, or Contaminate may cause inaccurate times.
  • Supply counts are checked every 10 seconds.